Map: Acid Plant LE

Players

ShoWTimE - Winner!

  • Race: Protoss Protoss
  • Spawn Location: 5:00

SortOf

  • Race: Zerg Zerg
  • Spawn Location: 11:00

Event: WCS Valencia 2018

VOD

Have the link to the VOD?

Description

Time

  • Played on: July 12, 2018, 9:38 a.m.
  • Length: 17:53

All games in this series

Show
View Real Time Build Order
Export as new Build Order

ShoWTimE Protoss - Winner!

Build Orders: 1 Gate Expand, Oracle Opening, Archon Immortal, Zealot Archon, Archon Drop 

Get SALT Encoding   

  12  0:00  Probe  
  13  0:12  Probe  
  14  0:18  Pylon  
  14  0:25  Probe  
  14  0:28  Assimilator  
  15  0:33  Probe  
  15  0:41  Probe  
  16  0:47  Gateway  
  17  0:51  Probe  
  18  1:03  Probe  
  19  1:15  Probe  
  20  1:23  Nexus  
  20  1:35  Cybernetics Core  
  20  1:37  Probe  
  21  1:42  Assimilator  
  21  1:49  Probe  
  21  1:51  Pylon  
  23  2:01  Stalker, Probe  
  23  2:13  Probe  
  26  2:16  Stargate  
  26  2:24  Warp Gate  
  26  2:25  Probe  
  27  2:31  Adept, Probe  
  30  2:37  Probe  
  30  2:39  Probe  
  32  2:49  Oracle, Probe x2  
  34  3:01  Probe x2  
  39  3:07  Pylon  
  39  3:12  Adept  
  41  3:13  Probe  
  41  3:14  Probe  
  43  3:20  Oracle, Assimilator  
  43  3:24  Assimilator  
  43  3:25  Probe  
  44  3:28  Probe  
  48  3:36  Gateway  
  48  3:40  Pylon  
  48  3:42  Probe  
  48  3:44  Probe  
  50  3:53  Probe  
  50  3:55  Robotics Facility, Probe  
  51  4:01  Probe  
  52  4:07  Probe  
  52  4:09  Twilight Council  
  54  4:11  Probe  
  55  4:18  Pylon  
  55  4:19  Probe  
  56  4:25  Charge  
  56  4:28  Gateway  
  56  4:29  Gateway  
  56  4:33  Warp Prism  
  58  4:52  Gateway  
  58  4:53  Templar Archives  
  58  4:56  Gateway  
  58  4:57  Zealot  
  58  4:59  Probe  
  61  5:10  Pylon  
  61  5:18  Nexus  
  62  5:28  Observer  
  62  5:29  Shield Battery  
  62  5:31  High Templar x4, Pylon  
  62  5:33  Probe x2  
  62  5:35  Archon x2  
  72  5:40  Pylon  
  72  5:46  Probe x2  
  74  5:51  Pylon  
  74  6:01  Zealot x2  
  74  6:03  Zealot  
  74  6:04  Zealot x3  
  86  6:07  Pylon  
  86  6:08  Probe x2  
  88  6:11  Psionic Storm  
  88  6:20  Probe  
  88  6:22  Probe  
  88  6:25  High Templar x2  
  92  6:32  Probe x2  
  94  6:34  Probe  
  94  6:35  Gateway  
  94  6:36  Gateway  
  95  6:44  Probe x2  
  97  6:48  Probe  
  97  6:50  Forge  
  97  6:54  High Templar x2  
  100  6:55  Assimilator  
  100  6:56  Probe x2  
  100  7:00  Probe  
  105  7:01  Assimilator  
  105  7:06  Gateway  
  105  7:08  Probe x2  
  106  7:09  Protoss Ground Weapons Level 1, High Templar  
  106  7:12  Probe  
  106  7:14  Immortal, Zealot  
  112  7:20  Pylon, Probe x2  
  112  7:22  Gateway  
  114  7:28  High Templar  
  120  7:34  Pylon  
  120  7:35  Pylon  
  120  7:37  Shield Battery  
  120  7:38  Photon Cannon  
  120  7:39  Zealot x2  
  124  7:47  Immortal  
  124  7:51  Photon Cannon  
  124  7:53  High Templar x2  
  124  7:57  Archon  
  128  8:09  Zealot  
  128  8:10  Zealot x5  
  136  8:24  Zealot x2  
  125  8:27  Immortal  
  125  8:31  Archon x2  
  125  8:33  Zealot x4  
  125  8:34  Zealot x2  
  107  8:42  Protoss Ground Weapons Level 2  
  107  8:46  Probe  
  106  8:49  High Templar x4  
  114  8:56  Immortal, Zealot x4  
  114  8:58  High Templar x2  
  126  9:03  Pylon  
  126  9:06  Nexus  
  130  9:11  Pylon  
  130  9:24  Shield Battery  
  130  9:26  Shield Battery  
  130  9:28  Shield Battery  
  130  9:29  Shield Battery  
  130  9:32  Zealot x5  
  130  9:38  Zealot x2  
  138  9:43  Immortal  
  120  9:47  Photon Cannon, High Templar x2  
  120  9:48  High Templar x2  
  120  9:49  Photon Cannon  
  120  9:51  Archon  
  132  9:54  Assimilator  
  132  9:59  Assimilator  
  132  10:05  Probe x3  
  132  10:06  Zealot, Archon  
  132  10:07  Zealot  
  139  10:11  Pylon  
  135  10:16  Shield Battery  
  135  10:22  Observer  
  136  10:30  High Templar  
  136  10:31  High Templar  
  136  10:33  Archon  
  136  10:37  Zealot x5  
  136  10:39  Zealot  
  148  10:43  Immortal  
  148  10:48  Photon Cannon  
  152  10:50  Pylon  
  152  10:53  Zealot  
  152  10:54  Zealot  
  156  11:01  Zealot  
  149  11:18  Fleet Beacon  
  149  11:19  Stargate  
  149  11:20  High Templar x2  
  145  11:26  Archon  
  141  11:33  High Templar x4  
  141  11:34  High Templar  
  141  11:37  High Templar, Archon  
  141  11:38  Archon, Pylon  
  153  11:41  Archon  
  153  11:42  Observer  
  153  11:45  Zealot x2  
  157  11:57  Stargate  
  157  12:07  Zealot x4  
  157  12:08  Zealot x5  
  159  12:17  Zealot  
  159  12:19  Mothership  
  140  12:28  Zealot x4  
  140  12:29  Zealot x3  
  132  12:42  Assimilator  
  136  12:48  Archon  
  136  12:51  Carrier  
  136  12:53  Zealot x2, High Templar x6  
  136  12:57  Archon x2  
  136  12:58  Archon  
  158  13:12  Pylon  
  158  13:13  Probe x3  
  158  13:15  High Templar  
  163  13:24  Carrier  
  163  13:36  Nexus  
  163  13:37  Pylon  
  167  13:51  Zealot x3  
  154  14:01  Zealot, High Templar x4  
  153  14:08  Archon x2  
  153  14:11  Probe  
  153  14:15  Shield Battery, Probe  
  153  14:16  Shield Battery  
  139  14:19  High Templar  
  139  14:20  High Templar  
  139  14:24  High Templar  
  145  14:27  Archon  
  145  14:32  Probe x2  
  145  14:33  Probe x2  
  145  14:36  Photon Cannon  
  149  14:44  Probe x2  
  149  14:45  Probe x2  
  153  14:48  Zealot x2  
  157  14:54  Zealot x2  
  157  14:56  Probe  
  157  14:57  Probe  
  143  15:07  High Templar x5  
  136  15:10  Archon x2  
  136  15:12  Zealot  
  136  15:13  Graviton Catapult  
  142  15:14  Carrier  
  138  15:28  High Templar  
  146  15:33  Archon, Assimilator  
  146  15:36  Assimilator  
  146  15:38  Photon Cannon  
  146  15:39  Photon Cannon, High Templar  
  146  15:40  High Templar  
  150  15:45  Carrier, Archon  
  147  15:50  Probe x2  
  147  15:52  Zealot x5  
  147  15:53  Zealot  
  167  16:09  Shield Battery, Probe x4  
  167  16:10  Shield Battery  
  171  16:11  High Templar  
  171  16:12  High Templar  
  171  16:16  Archon  
  175  16:21  Zealot x2  
  179  16:30  Zealot x3  
  175  16:38  Zealot x2  
  155  16:41  Probe x3  
  155  16:42  Probe x2  
  155  16:46  High Templar  
  155  16:47  High Templar x2  
  153  16:53  Probe x2  
  155  17:13  Zealot x4  
  160  17:25  High Templar x2  
  160  17:26  High Templar x2  
  160  17:29  Photon Cannon  
  162  17:30  Archon  
  162  17:31  Archon  
  162  17:36  Zealot x4  
  162  17:37  Zealot  
  172  17:40  Archon  
  172  17:41  Archon  
  172  17:45  Archon  
Show
View Real Time Build Order
Export as new Build Order

SortOf Zerg 

Build Orders: Hatch First 

Get SALT Encoding   

  12  0:00  Drone  
  13  0:13  Overlord  
  13  0:17  Drone  
  14  0:31  Drone x2  
  16  0:49  Hatchery  
  15  0:51  Drone  
  15  0:55  Drone  
  17  0:59  Drone  
  18  1:11  Extractor  
  17  1:15  Spawning Pool  
  17  1:17  Drone  
  17  1:22  Drone  
  18  1:32  Drone  
  19  1:41  Drone  
  20  1:53  Overlord  
  20  2:01  Queen x2  
  20  2:04  Zergling x2  
  20  2:05  Drone  
  26  2:14  Zergling x2  
  26  2:15  Drone  
  28  2:16  Metabolic Boost  
  28  2:22  Drone x2  
  30  2:38  Hatchery, Drone  
  30  2:42  Drone  
  31  2:44  Overlord  
  31  2:48  Drone  
  32  2:54  Drone  
  32  2:55  Drone  
  32  2:58  Queen  
  37  3:05  Drone x2  
  37  3:11  Drone x2  
  37  3:12  Drone  
  41  3:14  Drone x2  
  41  3:19  Overlord  
  43  3:23  Drone  
  44  3:27  Overlord  
  44  3:30  Lair  
  44  3:38  Overlord  
  44  3:40  Spore Crawler  
  43  3:42  Spore Crawler  
  43  3:46  Drone x4  
  46  3:51  Queen  
  48  3:56  Drone  
  48  3:59  Drone x3  
  52  4:05  Zergling x4  
  52  4:08  Extractor  
  53  4:10  Drone x3  
  53  4:12  Extractor  
  53  4:15  Drone x2  
  57  4:18  Spore Crawler  
  57  4:21  Drone  
  57  4:24  Overlord, Zergling x2  
  58  4:25  Drone x2  
  60  4:33  Drone  
  60  4:34  Drone x2  
  60  4:41  Hydralisk Den  
  60  4:44  Drone x2  
  61  4:48  Overlord  
  61  4:50  Extractor  
  61  4:52  Drone x6  
  66  4:54  Overseer  
  66  4:58  Drone x2  
  68  5:08  Drone  
  68  5:10  Overlord  
  68  5:15  Extractor, Hydralisk x4  
  68  5:18  Overlord  
  75  5:23  Drone  
  75  5:24  Evolution Chamber, Drone x2  
  75  5:26  Hydralisk  
  79  5:30  Grooved Spines  
  79  5:36  Hydralisk x2  
  79  5:42  Extractor, Overlord  
  82  5:44  Overlord  
  82  5:45  Hydralisk x2  
  82  5:47  Drone x2  
  87  5:56  Hydralisk x3  
  88  6:00  Overlord  
  88  6:02  Zerg Missile Weapons Level 1, Zergling x2  
  88  6:03  Zergling x4  
  91  6:07  Drone  
  92  6:11  Hydralisk x2  
  96  6:21  Hydralisk x3  
  96  6:24  Overlord  
  96  6:25  Drone x3  
  104  6:31  Baneling Nest, Hydralisk x2  
  107  6:35  Drone  
  107  6:43  Muscular Augments  
  107  6:44  Hydralisk  
  108  6:50  Hydralisk  
  108  6:51  Hydralisk  
  108  6:52  Overlord  
  112  6:56  Overseer  
  112  6:59  Hatchery  
  111  7:04  Hydralisk x3  
  117  7:14  Hydralisk x3  
  123  7:17  Overlord  
  123  7:26  Hydralisk x4  
  123  7:28  Overlord  
  131  7:30  Overlord  
  131  7:34  Overlord  
  131  7:36  Hydralisk x2  
  131  7:37  Zergling x8  
  139  7:40  Baneling x4  
  139  7:43  Overlord  
  139  7:46  Overlord  
  139  7:47  Overlord  
  139  7:50  Zergling x6  
  142  8:00  Zergling x10  
  147  8:09  Zergling x8  
  147  8:10  Baneling  
  147  8:11  Baneling x7  
  143  8:24  Hydralisk x4  
  143  8:25  Zergling x12  
  124  8:35  Hydralisk x5  
  124  8:37  Hydralisk  
  117  8:48  Hydralisk x4  
  117  8:57  Zerg Melee Weapons Level 1  
  117  9:01  Zergling x12  
  123  9:06  Centrifical Hooks  
  123  9:09  Zergling x6  
  126  9:13  Overseer  
  126  9:17  Drone  
  126  9:18  Drone x4  
  126  9:21  Drone x6  
  126  9:22  Drone  
  138  9:25  Baneling  
  138  9:26  Baneling x5  
  134  9:34  Queen  
  134  9:38  Zergling x14  
  132  9:40  Baneling x4  
  132  9:41  Baneling x2  
  127  9:53  Zergling x20  
  137  10:10  Zergling x16  
  137  10:12  Baneling x16  
  140  10:24  Zergling x26  
  140  10:31  Hydralisk  
  140  10:40  Hydralisk x6  
  140  10:41  Hydralisk  
  154  10:45  Baneling x5  
  154  10:50  Overlord x2  
  148  11:02  Hydralisk x7  
  154  11:11  Hydralisk x4  
  145  11:15  Hydralisk  
  145  11:17  Queen  
  145  11:18  Drone x2  
  154  11:25  Zergling x14  
  157  11:38  Zerg Melee Weapons Level 2  
  157  11:39  Zergling x20  
  167  11:45  Zergling x2  
  167  11:46  Zergling x6  
  171  11:49  Baneling x11  
  169  11:55  Overlord  
  169  12:08  Zergling x16  
  174  12:09  Hatchery  
  160  12:20  Hydralisk x4  
  154  12:28  Hydralisk  
  143  12:36  Hydralisk x7  
  119  12:43  Hydralisk x2  
  120  12:56  Hydralisk x6  
  130  12:59  Baneling x4  
  128  13:08  Zergling x10  
  128  13:12  Zergling x10  
  138  13:15  Baneling x8  
  138  13:25  Zergling x2  
  138  13:26  Zergling x16  
  147  13:37  Baneling x4  
  147  13:41  Zergling x16  
  135  13:59  Hydralisk x9  
  133  14:05  Zergling x4  
  132  14:11  Drone x2  
  132  14:12  Drone x4  
  129  14:17  Drone x4  
  133  14:27  Zergling x16  
  141  14:34  Baneling x5  
  141  14:36  Baneling  
  141  14:37  Baneling x2  
  141  14:42  Zergling x18  
  148  14:59  Zergling x26  
  131  15:07  Hydralisk x3  
  123  15:21  Hydralisk x9, Overseer  
  116  15:22  Overseer  
  128  15:32  Hydralisk x5  
  138  15:41  Hydralisk x5  
  146  15:52  Hydralisk x5  
  152  16:00  Baneling x5  
  152  16:04  Zergling x10  
  152  16:05  Zergling x10  
  152  16:08  Baneling  
  152  16:09  Baneling x9  
  160  16:16  Zergling x14  
  145  16:37  Zergling x30  
  143  16:43  Overseer x2  
  143  16:46  Hydralisk  
  143  16:47  Hydralisk x3  
  137  16:54  Baneling x6  
  137  16:56  Baneling x7  
  137  17:02  Zergling x2  
  137  17:03  Zergling x12  
  135  17:19  Zergling x28  
  130  17:23  Hatchery  
  130  17:24  Hydralisk x2  
Tags
 
Add a new tag
Caveats
  • Supply blocks, unpowered buildings, or Contaminate may cause inaccurate times.
  • Supply counts are checked every 10 seconds.